 Dungeon Crawl Stone Soup version 0.27.0 (webtiles) character file.

Game seed: 7887859607036901362

46 Raultor the Skirmisher (level 3, -6/29 HPs)
             Began as a Demonspawn Fighter on July 30, 2021.
             Killed by divine providence
             ... invoked by an orc priest
              (11 damage)
             ... on level 2 of the Dungeon.
             The game lasted 00:01:57 (1823 turns).

Raultor the Skirmisher (Demonspawn Fighter)         Turns: 1823, Time: 00:01:58

Health: -6/29      AC:  6    Str: 17    XL:     3   Next: 46%
Magic:  3/3        EV:  7    Int:  9    God:
Gold:   58         SH:  8    Dex: 12    Spells: 2/2 levels left

rFire    . . .     SeeInvis .   a - +0 long sword
rCold    . . .     Faith    .   c - +0 kite shield
rNeg     . . .     Spirit   .   b - +0 scale mail
rPois    .         Reflect  .   (no helmet)
rElec    .         Harm     .   (no cloak)
rCorr    .         Rampage  .   (no gloves)
Will     .....                  (no boots)
Stlth    ..........             (no amulet)
HPRegen  0.09/turn              (no ring)
MPRegen  0.08/turn              (no ring)

@: no status effects
A: claws 1, ignite blood 1
a: no special abilities


You were on level 2 of the Dungeon.
You visited 1 branch of the dungeon, and saw 3 of its levels.

You collected 58 gold pieces.


Innate Abilities, Weirdness & Mutations

You have sharp fingernails.
Your demonic aura sometimes causes spilled blood to erupt in flames.


   Skills:
 - Level 3.1 Fighting
 - Level 2.1 Long Blades
 - Level 2.8 Armour
 - Level 2.8 Shields
 * Level 2.2 Unarmed Combat


You had 2 spell levels left.
You didn't know any spells.
Your spell library was empty.

Inventory:

Hand Weapons
 a - a +0 long sword (weapon)
Armour
 b - a +0 scale mail (worn)
 c - a +0 kite shield (worn)
Scrolls
 e - a scroll of identify {unknown}
Potions
 d - a potion of might

Dungeon Overview and Level Annotations

Branches:
Dungeon (3/15)

Altars:

#.# #....##.#.#####...###†# #.#
#.#...............###.###
#.###.#.###.....###.#.##.....
#..÷.....##....## #.#.##.....
#..÷....<##.#.## #...##.....
##..>.......#.# ######.....
#.......####.# #.....
##.......####'## ###.##
#.........##@..## #.#
##.........#..o..## ####.#
#.........).......## ##.##.##
##########.######.....####.......
....#888#..#.░..#.....'..........
#####...#..#.'..#.....####.......
##'##..#.░..#....## ##......
#......#⚑#..#...## ##.....
#...#..###..#..## ###.##


You could see an orc priest.


Message History

There is an open door here.
There is a stone staircase leading down here.
You climb downwards.
Found a flail.
There is a stone staircase leading up here.
An orc priest comes into view. It is wielding a +0 whip.
The orc priest shouts!
An orc comes into view.
It is wielding a +0 falchion and wearing a +2 scale mail of positive energy.
The orc shouts!
The orc priest looks satisfied for a moment.
The orc priest invokes the aid of Beogh against you.
Pain shoots through your body!
You climb upwards.
There is a stone staircase leading down here.
You barely miss the orc priest.
The orc priest invokes the aid of Beogh against you.
Beogh smites you!
* * * LOW HITPOINT WARNING * * *
The orc priest hits you with a +0 whip.
* * * LOW HITPOINT WARNING * * *
You closely miss the orc priest. The orc priest closely misses you.
Your shield and scale mail prevent you from hitting the orc priest.
You block the orc priest's attack. The orc priest hits you with a +0 whip.
* * * LOW HITPOINT WARNING * * *
Unknown command.
You hit the orc priest but do no damage.
You block the orc priest's attack.
The orc priest invokes the aid of Beogh against you.
Beogh smites you!
You die...

Skill      XL: |  1  2  3 |
---------------+----------+-----
Long Blades    | 2 |  2.1
Unarmed Combat | 1 2 |  2.2
Fighting       | |  3.1
Armour         | |  2.8
Shields        | |  2.8

Action                   || total
-------------------------++-------
Melee: Long sword        ||   111
Armor: Scale mail        ||    49
Dodge: Dodged            ||    27
Block: Kite shield       ||    65
       Rpst.: Long sword ||    11

Levels and vault maps discovered:
D:1:      doesnt_arrival_eight_statues, layout_basic
D:2:      layout_loops_corners, shapermc_ecumenical_altar_mp_vishouse,
          hangedman_decor_opposing
D:3:      due_chaos_kobolds, layout_rooms, mainiacjoe_overflow_alcove_1

Notes
Turn   | Place    | Note
-------+----------+-------------------------------------------
     0 | D:1      | Raultor the Demonspawn Fighter began the quest for the Orb.
     0 | D:1      | Reached XP level 1. HP: 18/18 MP: 1/1
   112 | D:1      | Reached skill level 2 in Long Blades
   166 | D:1      | Gained mutation: You have sharp fingernails. [demonic
                  | ancestry]
   166 | D:1      | Reached XP level 2. HP: 24/24 MP: 2/2
   620 | D:2      | Reached skill level 1 in Unarmed Combat
  1051 | D:2      | Found a faded altar of an unknown god.
  1349 | D:2      | Gained mutation: Your demonic aura sometimes causes spilled
                  | blood to erupt in flames. [demonic ancestry]
  1349 | D:2      | Reached XP level 3. HP: 29/29 MP: 3/3
  1503 | D:2      | Reached skill level 2 in Unarmed Combat
  1823 | D:2      | Killed from afar by an orc priest

Vanquished Creatures
  A worm (D:2)
  5 orcs
  2 ball pythons
  3 endoplasms
  5 hobgoblins
  2 quokkas (D:2)
  7 bats
  3 frilled lizards
  2 goblins (D:2)
  2 kobolds (D:1)
  5 rats
37 creatures vanquished.

Table legend: (Time is in decaauts)
 A = Elapsed time spent in this place.
 B = Non-inter-level travel time spent in this place.
 C = Inter-level travel time spent in this place.
 D = Time resting spent in this place.
 E = Time spent auto-exploring this place.
 F = Levels seen in this place.
 G = Mean time per level.
                   A        B        C        D        E       F      G
               +--------+--------+--------+--------+--------+-----+--------+
         Total |   1884 |   1723 |    161 |      0 |   1436 |   3 |  628.0 |
       Dungeon |   1884 |   1723 |    161 |      0 |   1436 |   3 |  628.0 |
               +--------+--------+--------+--------+--------+-----+--------+

Top non-repeatable levels by time:
     D:2: 1212 daAuts
     D:1: 621 daAuts
     D:3: 51 daAuts

Table legend:
 A = Non-vault XP
 B = Vault XP
 C = Vault XP percentage of total XP
 D = Non-vault monster count
 E = Vault monster count
 F = Vault count percentage of total count
                 A         B        C        D         E       F
            +---------+---------+-------+---------+---------+-------
      Total |      67 |       0 |   0.0 |      37 |       0 |   0.0
            +---------+---------+-------+---------+---------+-------
        D:1 |      19 |       0 |   0.0 |      12 |       0 |   0.0
        D:2 |      48 |       0 |   0.0 |      25 |       0 |   0.0
            +---------+---------+-------+---------+---------+-------
